 Dungeon Crawl Stone Soup version 0.18.1-6-gd335043 (webtiles) character file.

231 Jerry the Shield-Bearer (level 6, 0/47 HPs)
             Began as a Formicid Fighter on May 15, 2016.
             Killed from afar by a steam dragon (11 damage)
             ... with a ball of steam
             ... on level 10 of the Dungeon.
             The game lasted 00:12:00 (2566 turns).

Jerry the Shield-Bearer (Formicid Fighter)          Turns: 2566, Time: 00:12:01

Health: 0/47       AC:  7    Str: 21      XL:     6   Next: 24%
Magic:  6/6        EV:  8    Int:  9      God:
Gold:   157        SH:  9    Dex:  2 (10) Spells: 0 memorised, 5 levels left

rFire  . . .     SeeInvis +     p - +0 battleaxe
rCold  . . .     Gourm    .     b - +0 scale mail
rNeg   . . .     Faith    .     c - +0 shield
rPois  .         Spirit   .     (helmet unavailable)
rElec  .         Dismiss  .     (no cloak)
rCorr  .         Reflect  .     (no gloves)
SustAt .         Harm     .     (no boots)
MR     +....                    (no amulet)
Stlth  ..........               (no ring)
                                n - ring of protection from magic

@: somewhat resistant to hostile enchantments, extremely unstealthy
A: permanent stasis, dig shafts and tunnels, four strong arms, antennae 3
a: Dig, Shaft Self


You were on level 10 of the Dungeon.
You were not hungry.

You visited 1 branch of the dungeon, and saw 8 of its levels.

You collected 157 gold pieces.

Inventory:

Hand Weapons
 a - a +0 war axe
 p - a +0 battleaxe (weapon)
Missiles
 k - a throwing net (quivered)
Armour
 b - a +0 scale mail (worn)
 c - a +0 shield (worn)
Jewellery
 n - a ring of protection from magic (left hand)
Scrolls
 e - a scroll of fear
 i - 5 scrolls of identify
 l - a scroll of remove curse
 m - a scroll of teleportation
Potions
 d - a potion of might
 h - a potion of curing
Comestibles
 f - 2 bread rations
 g - 3 meat rations


   Skills:
 - Level 3.2 Fighting
 + Level 3.5 Axes
 + Level 4.9 Armour
 + Level 5.6 Shields


You had 5 spell levels left.
You didn't know any spells.

Dungeon Overview and Level Annotations

Branches:
Dungeon (8/15)
 Temple: D:4-7         Lair: D:8-11

Altars:
Ashenzari
Dithmenos
Trog


Innate Abilities, Weirdness & Mutations

You are under a permanent stasis effect.
You can dig through walls and to a lower floor.
Your four strong arms can wield two-handed weapons with a shield.
You have a pair of large antennae on your head (SInv).


Message History

The wolf howls!
You see here an arrow.
The centaur warrior shoots an arrow.
The arrow barely misses you.
You hear a howl!
A steam dragon comes into view.
A wolf and a phantom come into view.
The wolf howls!
The centaur warrior unwields an uncursed longbow.
The centaur warrior wields an uncursed short sword.
The centaur warrior hits you with an uncursed short sword.
The centaur warrior hits you with an uncursed short sword!
* * * LOW HITPOINT WARNING * * *
A wolf comes into view.
The wolf howls!
You slash the centaur warrior!
The centaur warrior is lightly wounded.
You block the centaur warrior's attack. The steam dragon breathes steam at you.
The ball of steam hits you!
You die...

##### ######### #.... .#
####(......######.#..
...#...................#
......#.#####..#####...#
...#.#.(## #......><...
.........# ##.#####...#
..##.#h@.# #.# #..#.
...h.§§c.# #.# #.###
..##D##..# #.# #..#. .
#. ...# ... ##..# { .
.... .... #... ## ...###
....# #..# .W.. ......#
#..# ..... #.##..#
#.#..#


You could see a centaur warrior, a phantom, a steam dragon and 2 wolves.

Vanquished Creatures
  A big kobold (D:10)
  A quasit (D:10)
  5 adders
  2 worms (D:2)
  2 dart slugs
  2 giant geckos (D:3)
  An orc (D:3)
  A ball python (D:3)
  5 giant cockroaches
  5 goblins
  7 hobgoblins
  4 jackals
  16 kobolds
  A quokka (D:2)
  9 bats
  7 giant newts
  5 rats
74 creatures vanquished.

Notes
Turn   | Place    | Note
--------------------------------------------------------------
     0 | D:1      | Jerry the Formicid Fighter began the quest for the Orb.
     0 | D:1      | Reached XP level 1. HP: 18/18 MP: 1/1
   281 | D:1      | Reached XP level 2. HP: 24/24 MP: 2/2
   343 | D:1      | Found a shattered altar of Ashenzari.
   373 | D:1      | Reached skill level 4 in Shields
   511 | D:1      | Reached XP level 3. HP: 29/29 MP: 3/3
  1184 | D:2      | Reached XP level 4. HP: 29/35 MP: 4/4
  2005 | D:3      | Reached XP level 5. HP: 34/41 MP: 5/5
  2034 | D:3      | Reached skill level 5 in Shields
  2052 | D:3      | You fall through a shaft for 2 floors!
  2052 | D:5      | Entered Level 5 of the Dungeon
  2055 | D:5      | You fall through a shaft for 2 floors!
  2055 | D:7      | Found a shadowy altar of Dithmenos.
  2074 | D:7      | You fall through a shaft!
  2093 | D:8      | Noticed an ogre
  2095 | D:8      | Noticed a giant frog
  2096 | D:8      | You fall through a shaft!
  2096 | D:9      | Noticed an orc warrior
  2099 | D:9      | You fall through a shaft!
  2099 | D:10     | Entered Level 10 of the Dungeon
  2099 | D:10     | Noticed a big kobold
  2104 | D:10     | Killed a big kobold
  2104 | D:10     | Reached XP level 6. HP: 34/47 MP: 6/6
  2507 | D:10     | Found a bloodstained altar of Trog.
  2562 | D:10     | Noticed a centaur warrior
  2563 | D:10     | Noticed a wolf
  2565 | D:10     | Noticed a steam dragon
  2565 | D:10     | Noticed a wolf
  2565 | D:10     | Noticed a phantom
  2566 | D:10     | Noticed a wolf
  2566 | D:10     | Killed from afar by a steam dragon

Skill      XL: |  1  2  3  4  5 |
---------------+----------------+-----
Shields        | 4 5 |  5.6
Armour         | 4 |  4.9
Axes           | 3 |  3.5
Fighting       | |  3.2

Action                   |  1- 3 |  4- 6 || total
-------------------------+-------+-------++-------
Melee: War axe           |   106 |   146 ||   252
       Battleaxe         |       |    47 ||    47
Throw: Throwing net      |       |     1 ||     1
 Abil: Shaft Self        |       |     5 ||     5
       Dig               |       |     1 ||     1
  Use: Potion            |       |     2 ||     2
       Scroll            |       |     8 ||     8
  Eat: Chunk             |     1 |     4 ||     5
       Bread ration      |       |     1 ||     1
Armor: Scale mail        |    49 |   184 ||   233
Dodge: Dodged            |    44 |   136 ||   180
Block: Shield            |    55 |   171 ||   226
